 Dungeon Crawl Stone Soup version 0.24-a0-762-gca426f56c8 (webtiles) character file.

Game seed: 16119902201459243949, levelgen mode: deterministic

37 Engwar the Ruffian (level 3, 33/37 HPs)
             Began as an Ogre Transmuter on Oct 3, 2019.
             Quit the game on level 2 of the Dungeon.
             The game lasted 00:05:34 (2053 turns).

Engwar the Ruffian (Ogre Transmuter)                Turns: 2053, Time: 00:05:34

Health: 33/37      AC:  3    Str: 14    XL:     3   Next: 41%
Magic:  2/6        EV: 10    Int: 15    God:
Gold:   89         SH:  0    Dex:  9    Spells: 1/7 levels left

rFire    . . .     SeeInvis .     - Unarmed
rCold    . . .     Gourm    .   (no shield)
rNeg     . . .     Faith    .   b - +0 robe
rPois    .         Spirit   .   (helmet restricted)
rElec    .         Reflect  .   (no cloak)
rCorr    .         Harm     .   (gloves unavailable)
MR       .....                  (boots unavailable)
Stlth    +.........             (no amulet)
HPRegen  0.12/turn              (no ring)
MPRegen  0.10/turn              (no ring)

@: mildly poisoned (33 -> 29)
A: large, unfitting armour, tough skin 1
a: no special abilities


You were on level 2 of the Dungeon.
You were not hungry.

You visited 1 branch of the dungeon, and saw 2 of its levels.

You collected 89 gold pieces.

Inventory:

Missiles
 a - 37 arrows
 o - 4 large rocks (quivered)
Armour
 b - a +0 robe (worn)
Scrolls
 c - 2 scrolls of identify {unknown}
 e - a scroll of enchant weapon {unknown}
 f - a scroll of fear {unknown}
 g - 3 scrolls of teleportation {unknown}
 i - a scroll of enchant armour {unknown}
 j - a scroll of noise {unknown}
 n - a scroll of remove curse {unknown}
Potions
 h - a potion of flight {unknown}
 k - a potion of mutation {unknown}
 l - 2 potions of curing {unknown}
Comestibles
 d - a ration
 m - a chunk of flesh


   Skills:
 - Level 3.0 Fighting
 - Level 1.7 Dodging
 + Level 3.0 Unarmed Combat
 - Level 2.5 Spellcasting
 - Level 2.0 Transmutations
 - Level 1.0 Poison Magic


You had one spell level left.
You knew the following spells:

 Your Spells              Type           Power        Failure   Level  Hunger
a - Beastly Appendage     Tmut           #.....       10%         1    #......
b - Sticks to Snakes      Tmut           #.......     14%         2    ###....
c - Spider Form           Tmut/Pois      #.........   34%         3    ###....

Your spell library contained the following spells:

 Spells                   Type           Power        Failure   Level  Hunger
 Ice Form                 Ice/Tmut       #.......     80%         4    #####..
 Blade Hands              Tmut           #.........   95%         5    ######.


Dungeon Overview and Level Annotations

Branches:
Dungeon (2/15)

Altars:

Annotations:
D:2 Sigmund


Innate Abilities, Weirdness & Mutations

You are too large for most types of armour.
You have tough skin. (AC +1)


Message History

Your ball python bites the adder.
The adder dies!
Training target 1.0 for Poison Magic reached!
Your Poison Magic skill increases to level 1!
You need to enable at least one skill for training.
You feel sick.
You swap places.
Your magical contamination has completely faded away.
Found a stone staircase leading down.
You see here a bat corpse.
You butcher the bat corpse.
You feel sick.
m - a chunk of flesh You see here a bat skeleton.
You swap places.
You swap places.
There is a stone staircase leading up here.
Level annotation: Sigmund Welcome back, Engwar the Ogre Transmuter.
Press ? for a list of commands and other information.
Are you sure you want to abandon this character and quit the game? (Confirm with "yes".)

#........>.#
#..........#
#..........#
#..........#
#..........#
#..........#
#.........<#
#....S.....#
.......#.##....S@....#
.......?...........#.#
.........###.........#
......# #######.#...#
......# [# ### ......#
.# $..@..# # ...$..#
....<.#


You could see 2 friendly ball pythons.

Vanquished Creatures
  5 leopard geckos (D:1)
  3 bats (D:1)
  2 giant cockroaches (D:1)
  3 goblins (D:1)
  A hobgoblin (D:1)
  A frilled lizard (D:2)
  3 kobolds (D:1)
  5 rats
23 creatures vanquished.

Vanquished Creatures (collateral kills)
  An adder (D:2)
  A bat (D:2)
2 creatures vanquished.

Grand Total: 25 creatures vanquished

Notes
Turn   | Place    | Note
-------+----------+-------------------------------------------
     0 | D:1      | Engwar the Ogre Transmuter began the quest for the Orb.
     0 | D:1      | Reached XP level 1. HP: 19/19 MP: 3/3
   727 | D:1      | Reached XP level 2. HP: 20/28 MP: 5/5
   837 | D:1      | Learned a level 2 spell: Sticks to Snakes
  1363 | D:1      | Reached XP level 3. HP: 34/37 MP: 4/6
  1368 | D:1      | Learned a level 3 spell: Spider Form
  1787 | D:2      | Noticed Sigmund
  2046 | D:2      | Reached skill level 1 in Poison Magic
  2053 | D:2      | Quit the game

Levels and vault maps discovered:
D:1:      dpeg_arrival_round_c, layout_basic,
          wander_ebering_terrifying_dragon_lair
D:2:      layout_basic, first_ration, uniq_sigmund, uniq_natasha

Skill      XL: |  1  2  3 |
---------------+----------+-----
Fighting       | 2 3 |  3.0
Unarmed Combat | 3 |  3.0
Transmutations | 2 |  2.0
Poison Magic   | 1 |  1.0
Dodging        | |  1.7
Spellcasting   | |  2.5

Action                   || total
-------------------------++-------
Melee: Unarmed           ||   107
       Kick              ||     4
       Headbutt          ||     2
       Punch             ||     1
 Cast: Beastly Appendage ||     9
       Sticks to Snakes  ||     2
  Eat: Chunk             ||     1
       Ration            ||     1
Armor: Robe              ||    34
Dodge: Dodged            ||    69

Table legend:
 A = Non-vault XP
 B = Vault XP
 C = Vault XP percentage of total XP
 D = Non-vault monster count
 E = Vault monster count
 F = Vault count percentage of total count
                 A         B        C        D         E       F
            +---------+---------+-------+---------+---------+-------
      Total |      51 |       3 |   5.6 |      24 |       1 |   4.0
            +---------+---------+-------+---------+---------+-------
        D:1 |      38 |       3 |   7.3 |      20 |       1 |   4.8
        D:2 |      13 |       0 |   0.0 |       4 |       0 |   0.0
            +---------+---------+-------+---------+---------+-------
